Map: Blackpink LE

Players

Neeb - Winner!

  • Race: Protoss Protoss
  • Spawn Location: 7:00

Serral

  • Race: Zerg Zerg
  • Spawn Location: 1:00

Event: IEM Season 12 - Katowice

VOD

Have the link to the VOD?

Description

Time

  • Played on: March 2, 2018, 7:37 a.m.
  • Length: 8:52

All games in this series

Show
View Real Time Build Order
Export as new Build Order

Neeb Protoss - Winner!

Build Orders: 1 Gate Expand, Oracle Opening, Phoenix Opening 

Get SALT Encoding   

  12  0:00  Probe  
  13  0:12  Probe  
  14  0:21  Pylon  
  14  0:24  Probe  
  15  0:33  Assimilator  
  15  0:39  Probe (Chrono Boost)  
  16  0:44  Gateway  
  17  0:50  Probe (Chrono Boost)  
  17  0:55  Probe (Chrono Boost)  
  18  1:05  Probe  
  19  1:18  Probe  
  20  1:25  Nexus  
  20  1:33  Cybernetics Core  
  20  1:36  Probe  
  21  1:41  Assimilator  
  21  1:48  Probe  
  21  1:50  Pylon  
  22  2:00  Probe  
  23  2:07  Adept (Chrono Boost)  
  23  2:11  Stargate  
  23  2:13  Probe  
  26  2:22  Warp Gate  
  26  2:25  Probe  
  26  2:26  Adept (Chrono Boost)  
  29  2:37  Probe (Chrono Boost)  
  29  2:43  Probe (Chrono Boost)  
  31  2:47  Adept (Chrono Boost), Probe (Chrono Boost)  
  31  2:51  Probe (Chrono Boost)  
  35  2:52  Probe (Chrono Boost)  
  36  2:58  Oracle (Chrono Boost)  
  36  3:01  Probe  
  41  3:05  Probe  
  41  3:06  Pylon  
  41  3:13  Probe  
  41  3:17  Probe  
  43  3:21  Adept  
  43  3:25  Probe  
  46  3:29  Probe  
  46  3:33  Gateway  
  43  3:35  Phoenix (Chrono Boost)  
  43  3:38  Probe  
  43  3:40  Assimilator  
  46  3:42  Gateway  
  46  3:44  Probe  
  47  3:50  Probe  
  48  3:58  Pylon  
  48  4:02  Probe  
  50  4:05  Oracle (Chrono Boost), Twilight Council  
  50  4:07  Probe  
  53  4:14  Probe  
  54  4:19  Probe  
  54  4:23  Pylon  
  55  4:26  Probe  
  55  4:31  Probe, Adept x2  
  57  4:38  Probe  
  62  4:42  Resonating Glaives (Chrono Boost)  
  62  4:43  Nexus  
  63  4:49  Pylon  
  63  4:50  Adept  
  63  4:51  Adept  
  66  4:55  Probe x2  
  66  4:57  Adept  
  70  5:07  Probe  
  70  5:08  Probe  
  72  5:15  Adept, Assimilator  
  72  5:17  Adept, Pylon  
  72  5:18  Adept  
  78  5:32  Robotics Facility  
  78  5:34  Robotics Facility  
  78  5:35  Probe x2  
  80  5:37  Adept x2  
  80  5:39  Adept  
  86  5:48  Shield Battery  
  86  5:49  Forge  
  86  5:53  Pylon  
  86  5:54  Probe  
  87  5:57  Probe x2  
  87  6:02  Assimilator  
  89  6:05  Assimilator  
  89  6:07  Probe  
  89  6:09  Probe  
  89  6:10  Probe  
  88  6:19  Probe  
  88  6:21  Probe  
  88  6:22  Probe  
  88  6:23  Immortal (Chrono Boost)  
  88  6:25  Sentry x3  
  87  6:32  Probe  
  92  6:33  Probe, Charge, Immortal (Chrono Boost)  
  92  6:34  Probe  
  92  6:40  Protoss Ground Weapons Level 1 (Chrono Boost)  
  92  6:44  Probe  
  92  6:45  Probe, Pylon  
  92  6:46  Probe  
  88  6:55  Immortal (Chrono Boost)  
  88  6:56  Probe  
  88  6:57  Probe  
  88  6:58  Probe  
  88  7:00  Zealot, Sentry  
  88  7:01  Zealot  
  101  7:02  Pylon  
  101  7:08  Probe  
  102  7:11  Gateway  
  102  7:14  Gateway  
  103  7:15  Observer (Chrono Boost)  
  103  7:17  Gateway  
  103  7:22  Templar Archives  
  103  7:24  Gateway  
  103  7:26  Gateway  
  103  7:31  Gateway  
  103  7:33  Gateway  
  103  7:35  Observer (Chrono Boost), Warp Prism (Chrono Boost)  
  104  7:44  Nexus  
  106  7:46  Pylon  
  106  7:58  Zealot  
  106  7:59  Zealot x2  
  106  8:04  Photon Cannon  
  112  8:17  Pylon x2  
  112  8:18  Zealot  
  114  8:21  High Templar x6  
  114  8:22  Zealot  
  114  8:26  Archon  
  114  8:27  Archon x2  
  128  8:30  Probe x3  
  131  8:41  Zealot x3  
  133  8:43  Zealot  
  133  8:46  Photon Cannon  
Show
View Real Time Build Order
Export as new Build Order

Serral Zerg 

Build Orders: Hatch First 

Get SALT Encoding   

  12  0:00  Drone  
  13  0:12  Overlord  
  13  0:17  Drone  
  14  0:31  Drone x2  
  14  0:34  Drone  
  17  0:52  Hatchery  
  17  0:54  Drone  
  17  0:58  Drone  
  18  1:07  Extractor  
  17  1:13  Spawning Pool  
  17  1:15  Drone  
  17  1:19  Drone  
  18  1:28  Drone  
  19  1:39  Overlord  
  19  1:49  Drone  
  20  2:00  Queen, Zergling x2  
  23  2:04  Queen  
  23  2:05  Zergling x2  
  23  2:08  Metabolic Boost  
  26  2:11  Drone  
  26  2:15  Drone  
  28  2:21  Drone  
  29  2:25  Drone  
  30  2:37  Drone, Hatchery  
  29  2:43  Queen  
  31  2:52  Overlord  
  31  2:55  Zergling x4  
  31  2:58  Zergling x2  
  34  2:59  Drone  
  36  3:12  Drone  
  36  3:13  Drone x3  
  36  3:15  Drone  
  40  3:20  Drone  
  40  3:22  Spore Crawler  
  40  3:26  Drone  
  38  3:30  Drone  
  38  3:31  Spore Crawler  
  38  3:33  Drone  
  38  3:40  Drone x2  
  38  3:41  Drone x2  
  42  3:48  Queen, Overlord  
  42  3:49  Drone  
  42  3:51  Drone  
  46  3:56  Evolution Chamber  
  46  3:57  Drone  
  46  3:59  Drone  
  46  4:01  Overlord  
  47  4:05  Drone x2  
  47  4:08  Drone  
  50  4:10  Drone  
  50  4:11  Drone  
  52  4:17  Overlord  
  52  4:18  Overlord  
  52  4:22  Zerg Melee Weapons Level 1  
  52  4:27  Baneling Nest  
  52  4:29  Queen  
  53  4:31  Drone  
  53  4:32  Drone  
  53  4:33  Drone  
  53  4:35  Zergling x2  
  57  4:38  Zergling x2  
  57  4:39  Drone, Zergling x2  
  57  4:41  Drone  
  57  4:42  Drone  
  57  4:44  Drone  
  57  4:45  Drone  
  64  4:48  Drone x2  
  64  4:50  Spore Crawler  
  64  4:51  Drone  
  65  4:56  Zergling x6  
  65  4:57  Drone  
  69  5:00  Drone  
  69  5:01  Zergling x4  
  72  5:09  Overlord  
  72  5:12  Overlord  
  72  5:13  Drone x4  
  71  5:16  Overlord  
  71  5:22  Lair  
  71  5:23  Drone x2  
  71  5:25  Drone  
  73  5:33  Drone, Extractor  
  73  5:34  Drone x3, Extractor x2  
  74  5:35  Overlord  
  74  5:37  Zergling x6  
  74  5:41  Zergling x2  
  78  5:45  Zergling x6  
  78  5:48  Zergling x4  
  82  5:51  Drone  
  82  5:55  Baneling x4  
  82  5:56  Baneling x2  
  80  5:59  Zergling x10  
  80  6:01  Baneling x2  
  81  6:05  Zergling x2  
  81  6:10  Zergling x2  
  81  6:11  Zergling x2  
  77  6:13  Drone x6  
  82  6:19  Drone  
  82  6:21  Drone x2, Centrifical Hooks  
  78  6:27  Drone  
  78  6:29  Drone  
  78  6:30  Drone x2  
  81  6:36  Drone x2  
  75  6:41  Drone x2  
  75  6:43  Drone x2  
  75  6:46  Drone x2  
  79  6:48  Overseer  
  79  6:51  Drone  
  79  6:54  Drone x3  
  83  6:55  Drone  
  83  6:57  Drone  
  83  6:58  Drone  
  83  7:00  Drone  
  84  7:01  Drone  
  83  7:09  Drone x3  
  83  7:10  Overlord  
  85  7:17  Drone x4, Extractor  
  85  7:18  Hydralisk Den  
  85  7:21  Extractor, Zergling x2  
  85  7:22  Overlord  
  87  7:29  Hatchery  
  86  7:33  Drone  
  86  7:36  Zergling x6  
  90  7:40  Overlord  
  90  7:47  Hydralisk x3  
  90  7:48  Hydralisk x3  
  101  7:54  Queen  
  101  7:55  Drone x2  
  103  8:07  Drone x8  
  112  8:20  Zergling x4  
  112  8:22  Baneling  
  112  8:23  Baneling x5  
  113  8:28  Baneling  
  113  8:29  Baneling x3  
  113  8:31  Overlord x2  
  113  8:38  Baneling x4  

Tags
 
Add a new tag
Caveats
  • Supply blocks, unpowered buildings, or Contaminate may cause inaccurate times.
  • Supply counts are checked every 10 seconds.